 Dungeon Crawl Stone Soup version 0.29.1-15-g9cfb28693d (webtiles) character file.

Game seed: 12234074529265751506

43 Silvore the Trooper (level 3, -2/29 HPs)
             Began as a Demonspawn Monk on Apr 30, 2023.
             Slain by a gnoll
             ... wielding a +0 club
              (3 damage)
             ... on level 4 of the Dungeon.
             The game lasted 00:01:57 (1412 turns).

Silvore the Trooper (Demonspawn Monk)               Turns: 1412, Time: 00:01:57

Health: -2/29      AC:  5    Str: 11    XL:     3   Next: 37%
Magic:  3/3        EV: 12    Int: 11    God:
Gold:   64         SH:  0    Dex: 17    Spells: 2/2 levels left

rFire   . . .      SeeInvis .   a - +0 hand axe
rCold   . . .      Faith    .   (no shield)
rNeg    . . .      Spirit   .   j - +0 leather armour
rPois   .          Reflect  .   (no helmet)
rElec   .          Harm     .   g - +1 cloak
rCorr   .          Rampage  .   (no gloves)
Will    .....                   (no boots)
Stlth   ++........              (no amulet)
HPRegen 0.09/turn               (no ring)
MPRegen 0.08/turn               (no ring)

@: no status effects
A: hooves 1, foul stench 1
a: no special abilities


You were on level 4 of the Dungeon.
You visited 1 branch of the dungeon, and saw 3 of its levels.

You collected 64 gold pieces.

Inventory:

Hand Weapons
 a - a +0 hand axe (weapon)
Armour
 b - a +0 robe
 g - a +1 cloak (worn)
 j - a +0 leather armour (worn)
Scrolls
 d - a scroll of amnesia
 e - a scroll of teleportation {unknown}
Potions
 c - 2 potions of ambrosia
 f - a potion of attraction {unknown}
 h - a potion of magic {unknown}
 i - 2 potions of curing {unknown}


   Skills:
 + Level 3.4 Fighting
 + Level 3.4 Axes
 + Level 3.0 Dodging
 + Level 2.0 Stealth


You had 2 spell levels left.
You didn't know any spells.
Your spell library contained the following spells:

 Spells                   Type           Power      Damage    Failure   Level
 Freeze                   Ice            0%         1d3       43%         1
 Sandblast                Erth           0%         2d4       43%         1
 Ensorcelled Hibernation  Hex/Ice        0%         N/A       56%         2
 Passwall                 Tmut/Erth      0%         N/A       56%         2
 Frozen Ramparts          Ice            0%         1d1       80%         3
 Stone Arrow              Conj/Erth      0%         3d7       80%         3
 Swiftness                Air            0%         N/A       80%         3
 Hailstorm                Conj/Ice       0%         3d3       99%         4
 Passage of Golubria      Tloc           0%         N/A       99%         4
 Silence                  Hex/Air        0%         N/A       100%        5
 Lehudib's Crystal Spear  Conj/Erth      0%         10d2      100%        8


Dungeon Overview and Level Annotations

Branches:
Dungeon (2/15)

Altars:

Annotations:
D:4 Sigmund


Innate Abilities, Weirdness & Mutations

You have large cloven feet.
You may rarely emit foul miasma when damaged in melee.


Message History

You hit the giant cockroach.
You kill the giant cockroach!
Sigmund points at you and mumbles some strange words.
You are confused.
Sigmund barely misses you. Sigmund hits you with a +0 scythe.
Found 11 gold pieces.
You feel less confused.
Sigmund points at you and mumbles some strange words.
The magic dart hits you.
* * * LOW HITPOINT WARNING * * *
Found a cloak.
Found a stone staircase leading down.
An orc and a phantom come into view.
Found 4 gold pieces. 2 gnolls come into view.
Sigmund screams, "Only death can liberate you!"
The gnoll shouts!
You hear a shout!
The gnoll shouts!
Sigmund mumbles some strange words.
Sigmund flickers and vanishes!
Deactivating autopickup; reactivate with Ctrl-A.
A gnoll comes into view. It is wielding a +0 spear.
Found a glowing golden altar of the Shining One.
A puff of flame appears from out of thin air!
The puff of flame misses you.
You see here a +0 cloak.
The phantom attacks as you move away! The phantom hits you.
* * * LOW HITPOINT WARNING * * *
An orc comes into view. It is wielding a +0 short sword.
The gnoll closely misses you.
A gnoll comes into view. It is wielding a +0 spear.
The orc shouts!
Found a stone staircase leading up.
You hear a shout! x2
The gnoll hits you with a +0 club.
* * * LOW HITPOINT WARNING * * *
The orc attacks as you move away! The orc hits you but does no damage.
The phantom attacks as you move away! The phantom closely misses you.
The gnoll shouts!
The gnoll hits you with a +0 club.
You die...

..............##....#
.
#.............##.####
...#...[.....>##.#
..........#..###..
..P..........#####
_.P..PP..o......
..P.$PP.g###.#.#


PPP..PPoWgg..... .... PP.@###..## .... PP...g..... PPP PP......### PP......#
....#.### .....#.# ##.<....# ######## You could see a phantom, 4 gnolls and 2
orcs.

Vanquished Creatures
  An adder (D:4)
  A dart slug (D:1)
  2 bats
  4 endoplasms
  3 giant cockroaches
  5 goblins
  A hobgoblin (D:1)
  4 kobolds (D:1)
  A quokka (D:1)
  4 ball pythons
  2 rats (D:1)
28 creatures vanquished.

Vanquished Creatures (others)
  9 plants (D:1)
9 creatures vanquished.

Grand Total: 37 creatures vanquished

Notes
Turn   | Place    | Note
-------+----------+-------------------------------------------
     0 | D:1      | Silvore the Demonspawn Monk began the quest for the Orb.
     0 | D:1      | Reached XP level 1. HP: 18/18 MP: 1/1
   292 | D:1      | Gained mutation: You may rarely emit foul miasma when
                  | damaged in melee. [demonic ancestry]
   292 | D:1      | Reached XP level 2. HP: 24/24 MP: 2/2
  1105 | D:2      | Gained mutation: You have large cloven feet. [demonic
                  | ancestry]
  1105 | D:2      | Reached XP level 3. HP: 16/29 MP: 3/3
  1342 | D:2      | You fall into a shaft and drop 2 floors!
  1362 | D:4      | Noticed Sigmund
  1402 | D:4      | Noticed a phantom
  1411 | D:4      | HP: 1/29 [gnoll/+0 club (4)]
  1412 | D:4      | Slain by a gnoll

Illustrated notes

Levels and vault maps discovered:
D:1:      tarquinn_simple_flora_water_c, layout_rooms, roderic_serpentine_path,
          chequers_big_river
D:2:      layout_basic, hellmonk_ecumenical_altar_watching_god,
          kennysheep_generic_room_8
D:4:      cheibrodos_old_hovel, layout_basic, nicolae_overflow_two_pavilions,
          mainiacjoe_overflow_chevrons, jmf_multi_god_temple2,
          corexii_leaking_fountain, corexii_shack, serial_park_tiny_pond,
          uniq_sigmund

Skill      XL: |  1  2 |
---------------+-------+-----
Axes           | 3 |  3.4
Dodging        | 3 |  3.0
Stealth        | 2 |  2.0
Fighting       | |  3.4

Action                   || total
-------------------------++-------
Melee: Hand axe          ||    70
       Kick              ||     3
  Use: Scroll            ||     4
 Stab: Sleeping          ||     3
Armor: Robe              ||     8
       Leather armour    ||     5
Dodge: Dodged            ||    64
